 Dungeon Crawl Stone Soup version 0.21.1-1-g345015f (webtiles) character file.

110 theblackcape the Slasher (level 4, -1/34 HPs)
             Began as a Gnoll Wanderer on July 5, 2018.
             Slain by Crazy Yiuf
             ... wielding a +3 quarterstaff of chaos
              (11 damage)
             ... on level 2 of the Dungeon.
             The game lasted 00:07:24 (1794 turns).

theblackcape the Slasher (Gnoll Wanderer)           Turns: 1794, Time: 00:07:24

Health: -1/34      AC:  3    Str: 14    XL:     4   Next: 91%
Magic:  7/11       EV: 12    Int: 16    God:
Gold:   142        SH:  0    Dex: 14    Spells: 10/13 levels left

rFire    . . .     SeeInvis .   c - +0 falchion
rCold    . . .     Gourm    .   (no shield)
rNeg     . . .     Faith    .   d - +0 robe
rPois    .         Spirit   .   h - +0 helmet
rElec    .         Reflect  .   (no cloak)
rCorr    .         Harm     .   (no gloves)
MR       +....                  (no boots)
Stlth    ++........             (no amulet)
HPRegen  0.11/turn              g - ring of protection from magic
MPRegen  0.12/turn              (no ring)

@: lethally poisoned (-1 -> -19), drained
A: distributed training, fangs 1, strong nose
a: no special abilities


You were on level 2 of the Dungeon.
You were not hungry.

You visited 1 branch of the dungeon, and saw 2 of its levels.

You collected 142 gold pieces.

Inventory:

Hand Weapons
 c - a +0 falchion (weapon)
 r - a +0 hunting sling
Missiles
 q - 36 sling bullets
Armour
 d - a +0 robe (worn)
 h - a +0 helmet (worn)
Jewellery
 g - a ring of protection from magic (left hand)
Scrolls
 i - a scroll of amnesia {unknown}
 j - a scroll of blinking {unknown}
 m - a scroll of enchant weapon {unknown}
 n - 2 scrolls of identify {unknown}
 o - 2 scrolls of teleportation {unknown}
Potions
 b - a potion of lignification
 e - a potion of agility {unknown}
 k - 2 potions of flight {unknown}
 l - a potion of might {unknown}
 s - a potion of degeneration {unknown}
 t - a potion of resistance {unknown}
 u - a potion of curing {unknown}
 v - a potion of ambrosia {unknown}
Books
 a - a book of Minor Magic

   Spells                             Type                      Level
   a - Magic Dart                     Conjuration                  1
   b - Blink                          Translocation                2
   c - Call Imp                       Summoning                    2
   d - Slow                           Hexes                        2
   e - Conjure Flame                  Conjuration/Fire             3
   f - Mephitic Cloud                 Conjuration/Poison/Air       3
Comestibles
 f - 8 rations


   Skills:
 + Level 2.8(2.2) Fighting
 + Level 1.2(0.6) Short Blades
 + Level 6.6(5.9) Long Blades
 + Level 1.2(0.6) Axes
 + Level 1.2(0.6) Maces & Flails
 + Level 1.2(0.6) Polearms
 + Level 1.2(0.6) Staves
 + Level 1.2(0.6) Slings
 + Level 1.2(0.6) Bows
 + Level 1.2(0.6) Crossbows
 + Level 1.2(0.6) Throwing
 + Level 1.2(0.6) Armour
 + Level 2.8(2.2) Dodging
 + Level 1.2(0.6) Stealth
 + Level 2.8(2.2) Shields
 + Level 1.2(0.6) Unarmed Combat
 + Level 5.1(4.4) Spellcasting
 + Level 1.0(0.4) Conjurations
 + Level 1.0(0.4) Hexes
 + Level 1.0(0.4) Charms
 + Level 1.0(0.4) Summonings
 + Level 1.0(0.4) Necromancy
 + Level 1.0(0.4) Translocations
 + Level 1.0(0.4) Transmutations
 + Level 1.0(0.4) Fire Magic
 + Level 2.3(1.7) Ice Magic
 + Level 1.0(0.4) Air Magic
 + Level 1.0(0.4) Earth Magic
 + Level 1.0(0.4) Poison Magic
 + Level 1.4(0.8) Invocations
 + Level 2.8(2.2) Evocations


You had 10 spell levels left.
You knew the following spells:

 Your Spells              Type           Power        Failure   Level  Hunger
a - Magic Dart            Conj           #...         13%         1    None
b - Call Imp              Summ           #.......     21%         2    ##.....


Dungeon Overview and Level Annotations

Branches:
Dungeon (2/15)

Altars:

Annotations:
D:2 Crazy Yiuf


Innate Abilities, Weirdness & Mutations

Your experience applies equally to all skills.
You have very sharp teeth.
Your uncanny sense of smell can sniff out nearby items.


Message History

Crazy Yiuf is moderately wounded.
You feel sick.
Crazy Yiuf whimpers, "Sif Muna testudinal illywillydillykilly!"
Crazy Yiuf hits you with a quarterstaff of chaos.
You are lethally poisoned!
You are too injured to fight recklessly!
You are too injured to fight recklessly!
You are too injured to fight recklessly!
You are too injured to fight recklessly!
You closely miss Crazy Yiuf.
Crazy Yiuf is moderately wounded.
You feel sick.
Crazy Yiuf hits you with a quarterstaff of chaos.
* * * LOW HITPOINT WARNING * * *
You closely miss Crazy Yiuf.
Crazy Yiuf is moderately wounded.
* * * LOW HITPOINT WARNING * * *
You feel sick.
Crazy Yiuf hits you with a quarterstaff of chaos!
You die...

..........# ..........##
......)....# .........###
.........# .........#
.[##'##(.# ### ♣♣####
.........# #)..#♣♣ ♣♣.#..##
#.#(###..#
#...g@♣♣♣♣.P....# ..#(#
#..# #...#♣..♣.P.....#
#(#.###..# ### ♣♣♣.♣..#...#
.##.(....# ♣♣♣♣♣##.##
..####.))# #.#
#.####.).########## #.#
#...#.....).....#.#######.#
###...#...))....#)........#
#.##..##..#<(.#.#.#########


You could see Crazy Yiuf.

Vanquished Creatures
  Robin (D:1)
  3 adders (D:2)
  A worm (D:2)
  A dart slug (D:1)
  A giant cockroach (D:2)
  23 goblins
  10 hobgoblins
  2 quokkas (D:2)
  A ball python (D:2)
  9 bats
  A frilled lizard (D:1)
  6 kobolds
  2 rats (D:1)
61 creatures vanquished.

Notes
Turn   | Place    | Note
-------+----------+-------------------------------------------
     0 | D:1      | theblackcape the Gnoll Wanderer began the quest for the Orb.
     0 | D:1      | theblackcape set off with: a book of Minor Magic, a potion of lignification, a +0 falchion, a +0 robe, a ration
     0 | D:1      | Reached XP level 1. HP: 17/17 MP: 6/6
    30 | D:1      | Learned a level 1 spell: Magic Dart
   112 | D:1      | Reached XP level 2. HP: 15/23 MP: 1/7
   645 | D:2      | Reached skill level 5 in Spellcasting
   645 | D:2      | Reached XP level 3. HP: 23/28 MP: 7/9
   844 | D:2      | Noticed Robin
   855 | D:1      | Killed Robin
   855 | D:1      | Reached skill level 1 in Invocations
  1036 | D:2      | Reached skill level 1 in Short Blades
  1036 | D:2      | Reached skill level 1 in Axes
  1036 | D:2      | Reached skill level 1 in Maces & Flails
  1036 | D:2      | Reached skill level 1 in Polearms
  1036 | D:2      | Reached skill level 1 in Staves
  1036 | D:2      | Reached skill level 1 in Slings
  1036 | D:2      | Reached skill level 1 in Bows
  1036 | D:2      | Reached skill level 1 in Crossbows
  1036 | D:2      | Reached skill level 1 in Throwing
  1036 | D:2      | Reached skill level 1 in Armour
  1036 | D:2      | Reached skill level 1 in Stealth
  1036 | D:2      | Reached skill level 1 in Unarmed Combat
  1048 | D:2      | Reached XP level 4. HP: 26/34 MP: 9/11
  1300 | D:2      | Reached skill level 1 in Conjurations
  1300 | D:2      | Reached skill level 1 in Hexes
  1300 | D:2      | Reached skill level 1 in Charms
  1300 | D:2      | Reached skill level 1 in Summonings
  1300 | D:2      | Reached skill level 1 in Necromancy
  1300 | D:2      | Reached skill level 1 in Translocations
  1300 | D:2      | Reached skill level 1 in Transmutations
  1300 | D:2      | Reached skill level 1 in Fire Magic
  1300 | D:2      | Reached skill level 1 in Air Magic
  1300 | D:2      | Reached skill level 1 in Earth Magic
  1300 | D:2      | Reached skill level 1 in Poison Magic
  1563 | D:2      | Learned a level 2 spell: Call Imp
  1652 | D:2      | Found a runed door.
  1786 | D:2      | Noticed Crazy Yiuf
  1794 | D:2      | Slain by Crazy Yiuf

Skill      XL: |  1  2  3  4 |
---------------+-------------+-----
Ice Magic      | 2 |  2.3
Spellcasting   | 5 |  5.1
Invocations    | 1 |  1.4
Short Blades   | 1 |  1.2
Axes           | 1 |  1.2
Maces & Flails | 1 |  1.2
Polearms       | 1 |  1.2
Staves         | 1 |  1.2
Slings         | 1 |  1.2
Bows           | 1 |  1.2
Crossbows      | 1 |  1.2
Throwing       | 1 |  1.2
Armour         | 1 |  1.2
Stealth        | 1 |  1.2
Unarmed Combat | 1 |  1.2
Conjurations   | 1 |  1.0
Hexes          | 1 |  1.0
Charms         | 1 |  1.0
Summonings     | 1 |  1.0
Necromancy     | 1 |  1.0
Translocations | 1 |  1.0
Transmutations | 1 |  1.0
Fire Magic     | 1 |  1.0
Air Magic      | 1 |  1.0
Earth Magic    | 1 |  1.0
Poison Magic   | 1 |  1.0
Fighting       | |  2.8
Long Blades    | |  6.6
Dodging        | |  2.8
Shields        | |  2.8
Evocations     | |  2.8

Action                   |  1- 3 |  4- 6 || total
-------------------------+-------+-------++-------
Melee: Falchion          |    44 |    49 ||    93
       Bite              |     2 |     4 ||     6
 Fire: Hunting sling     |       |     4 ||     4
 Cast: Magic Dart        |    40 |    47 ||    87
 Stab: Sleeping          |       |     1 ||     1
  Eat: Chunk             |       |     3 ||     3
Armor: Robe              |    13 |    13 ||    26
Dodge: Dodged            |    54 |    33 ||    87
       Rpst.: Falchion   |    10 |     9 ||    19
